Map: Crête de Lerilak

Players

Nodorf

  • Race: Zerg Zerg
  • League: Silver

JeanBond

  • Race: Zerg Zerg
  • League: Diamond

Trøb - Winner!

  • Race: Terran Terran
  • League: Platinum

fahirn - Winner!

  • Race: Terran Terran
  • League: Gold

VOD

Have the link to the VOD?

Description

Time

  • Played on: April 11, 2016, 4:34 p.m.
  • Length: 5:43
Show
View Real Time Build Order
Export as new Build Order

Nodorf Zerg 

Build Orders: Hatch First 

Get SALT Encoding   

  12  0:02  Drone  
  13  0:12  Overlord  
  13  0:17  Drone  
  14  0:24  Extractor  
  13  0:28  Drone  
  13  0:34  Drone  
  13  0:35  Drone  
  17  0:57  Hatchery  
  17  1:00  Drone  
  17  1:05  Extractor  
  17  1:09  Drone  
  17  1:19  Spawning Pool  
  17  1:23  Drone  
  17  1:29  Drone  
  17  1:30  Drone  
  19  1:39  Overlord  
  19  2:11  Queen  
  19  2:12  Queen  
  23  2:15  Zergling x6  
  23  2:19  Drone  
  23  2:20  Drone  
  27  2:27  Drone  
  28  2:31  Drone  
  29  2:39  Drone  
  30  2:47  Queen, Drone  
  33  3:04  Overlord  
  33  3:07  Overlord  
  33  3:11  Overlord  
  32  3:15  Extractor  
  31  3:28  Metabolic Boost  
  31  3:45  Hatchery  
  30  3:52  Lair  
  30  3:55  Evolution Chamber x2, Drone x5  
  33  3:59  Extractor  
  32  4:15  Roach Warren  
  31  4:22  Extractor  
  30  4:25  Drone x5  
  35  4:42  Spine Crawler  
  35  4:45  Spine Crawler  
  31  4:57  Roach  
  31  4:58  Roach x6  
Show
View Real Time Build Order
Export as new Build Order

JeanBond Zerg 

Build Orders:  

Get SALT Encoding   

  12  0:00  SCV  
  13  0:13  SCV  
  14  0:17  Supply Depot  
  14  0:25  SCV  
  15  0:39  SCV  
  15  0:40  Barracks  
  16  0:45  Refinery  
  16  0:51  SCV  
  17  1:03  SCV  
  18  1:15  SCV  
  19  1:27  Orbital Command  
  19  1:28  Reaper  
  20  1:42  Command Center  
  20  1:54  Supply Depot  
  20  1:55  SCV  
  21  2:08  Factory, Marine  
  21  2:11  SCV  
  21  2:15  Refinery  
  23  2:26  Barracks Reactor  
  23  2:29  SCV  
  24  2:42  SCV  
  25  2:52  Starport  
  25  3:09  Hellion x2  
  25  3:11  Marine  
  25  3:12  Orbital Command  
  30  3:13  SCV  
  31  3:26  SCV  
  32  3:30  Marine, Hellion  
  32  3:31  Medivac, Hellion  
  39  3:39  Armory  
  39  3:43  SCV x2  
  41  3:52  Hellion x2  
  45  4:07  SCV  
  46  4:12  Liberator  
  46  4:23  Factory Tech Lab  
  46  4:24  Command Center  
  46  4:29  Marine x2, SCV  
  46  4:30  Supply Depot  
  46  4:31  SCV  
  53  4:48  SCV  
  53  4:52  Siege Tank, Marine x2, SCV  
  60  5:00  Supply Depot, SCV  
  60  5:04  SCV  
Show
View Real Time Build Order
Export as new Build Order

Trøb Terran - Winner!

Build Orders:  

Get SALT Encoding   

Show
View Real Time Build Order
Export as new Build Order

fahirn Terran - Winner!

Build Orders:  

Get SALT Encoding   

Tags
 
Add a new tag
Caveats
  • Supply blocks, unpowered buildings, or Contaminate may cause inaccurate times.
  • Supply counts are checked every 10 seconds.